 Dungeon Crawl Stone Soup version 0.31-a0-968-g24f9ace8b5 (webtiles) character file.

Game seed: 14394906768133324861

49 Xavori the Trooper (level 4, -5/35 HPs)
             Began as a Djinni Chaos Knight on Oct 27, 2023.
             Was a Plaything of Xom.
             Slain by Crazy Yiuf
             ... wielding a +2 quarterstaff of chaos
              (10 damage)
             ... on level 2 of the Dungeon.
             The game lasted 00:01:35 (7753 turns).

Xavori the Trooper (Djinni Chaos Knight)            Turns: 7753, Time: 00:01:36

Health: -5/35      AC:  7    Str: 10 (11) XL:     4   Next: 1%
Gold:   39         EV: 12    Int: 14      God:    Xom [.*....] SH:  0 Dex: 14

rFire   + + .        a - +0 falchion (chaos)
rCold   x . .        (no shield)
rNeg    . . .        b - +2 leather armour
rPois   ∞            (no helmet)
rElec   .            (no cloak)
rCorr   .            (no gloves)
SInv    .            (boots unavailable)
Will    .....        (no amulet)
Stlth   +            (no ring)
HPRegen 0.25/turn    (no ring)
MPRegen 0.00/turn

%: infuse magic (-6 HP)
@: flying
A: sickness immunity, fire resistance 2, cold vulnerability 1, float, innate
caster, HP casting, extra vitality 1, iridescent scales 2, deformed body
a: Renounce Religion


You were on level 2 of the Dungeon.
You worshipped Xom.
You were a plaything of Xom.
You visited 1 branch of the dungeon, and saw 2 of its levels.

You collected 39 gold pieces.

Inventory:

Hand Weapons
 a - a +0 falchion of chaos (weapon)
Armour
 b - a +2 leather armour (worn)
Scrolls
 c - a scroll of butterflies
 d - 4 scrolls of identify {unknown}
 h - a scroll of poison {unknown}
 i - a scroll of enchant armour {unknown}
 k - a scroll of teleportation {unknown}
 l - a scroll of fear {unknown}
 n - a scroll of fog {unknown}
Potions
 e - 3 potions of degeneration {unknown}
 f - a potion of mutation {unknown}
 g - a potion of lignification {unknown}
 j - a potion of curing {unknown}
 m - a potion of brilliance {unknown}


   Skills:
 + Level 3.3 Fighting
 + Level 3.0 Long Blades
 + Level 1.6 Armour
 + Level 2.7 Dodging
 * Level 1.0 Spellcasting
 * Level 1.0 Conjurations
 * Level 1.0 Hexes
   Level 0.0 Charms
 * Level 1.0 Summonings
 * Level 1.0 Necromancy
 * Level 1.0 Translocations
 * Level 1.0 Transmutations
 * Level 1.0 Fire Magic
 * Level 1.0 Ice Magic
 * Level 1.0 Air Magic
 * Level 1.0 Earth Magic
 * Level 1.0 Poison Magic


You knew the following spells:

 Your Spells              Type           Power      Damage    Failure   Level
a - Apportation           Tloc           6%         N/A       22%         1
Your spell library was empty.

Dungeon Overview and Level Annotations

Branches:
Dungeon (2/15)

Altars:
Qazlal

Shops:
D:1 (

Annotations:
D:2 Crazy Yiuf


Innate Abilities, Weirdness & Mutations

You are immune to sickness and miasma.
You are immune to poison.
Your flesh is very heat resistant. (rF++)
You are vulnerable to cold. (rC-)
You float through the air rather than walking.
You learn spells naturally, not from books.
Your magical power is your life essence.
You have superior vitality. (+4 MHP)
You are mostly covered in iridescent scales. (AC +4)
Armour fits poorly on your strangely shaped body.


Message History

No target in view!
Crazy Yiuf shouts!
Key pressed, stopping explore.
No reachable target in view!
No reachable target in view!
No reachable target in view!
Could not explore, unopened runed door.
No reachable target in view!
No reachable target in view!
You reach down and open the door.
You hit Crazy Yiuf.
Crazy Yiuf resists with some effort.
Crazy Yiuf is lightly wounded.
Crazy Yiuf hits you with a +2 quarterstaff of chaos.
Crazy Yiuf freezes you. Crazy Yiuf misses you.
You hit Crazy Yiuf.
Crazy Yiuf is lightly wounded.
Crazy Yiuf hits you with a +2 quarterstaff of chaos!
You hit Crazy Yiuf but do no damage. You drain Crazy Yiuf.
Crazy Yiuf is moderately wounded.
Crazy Yiuf closely misses you.
You hit Crazy Yiuf but do no damage.
Crazy Yiuf is moderately wounded.
Crazy Yiuf blinks!
You hear Xom's avuncular chuckle.
Crazy Yiuf suddenly seems more resistant.
Crazy Yiuf says, "The life which is unexamined is not worth living."
Crazy Yiuf hits you with a +2 quarterstaff of chaos.
You are electrocuted!
There is an open translucent door here.
You hit Crazy Yiuf.
Crazy Yiuf is heavily wounded.
Crazy Yiuf hits you with a +2 quarterstaff of chaos!
* * * LOW HITPOINT WARNING * * *
You are too injured to fight recklessly!
You hit Crazy Yiuf but do no damage.
Crazy Yiuf is heavily wounded.
Crazy Yiuf hits you with a +2 quarterstaff of chaos.
* * * LOW HITPOINT WARNING * * *
You are electrocuted!
You die...

.#####
###..................#
.#
###############.....
######## ###........
.......# #...##.....
####.### ######.....
#.# ###### #.####♣♣
#### #.#.#..♣♣ ♣♣#..)#
#.......♣♣♣♣.@g..#
###......♣..♣#...#
###...♣.♣♣♣ ####
##♣♣♣♣♣


You could see Crazy Yiuf (resistant, very drained).

Vanquished Creatures
  A gnoll (D:1)
  2 dart slugs (D:1)
  A bat (D:1)
  An endoplasm (D:2)
  4 giant cockroaches (D:1)
  5 goblins (D:1)
  7 hobgoblins
  A quokka (D:1)
  3 ball pythons
  3 kobolds (D:1)
  A rat (D:2)
29 creatures vanquished.

Notes
Turn   | Place    | Note
-------+----------+-------------------------------------------
     0 | D:1      | Xavori the Djinni Chaos Knight began the quest for the Orb.
     0 | D:1      | Reached XP level 1. HP: 20/20 MP: 0/0
    87 | D:1      | Reached XP level 2. HP: 20/25 MP: 0/0
   210 | D:1      | XOM: silly message
   265 | D:1      | Found Mifrun's Weapon Boutique.
   388 | D:1      | Reached XP level 3. HP: 8/30 MP: 0/0
   388 | D:1      | Learned a level 1 spell: Apportation
   799 | D:1      | XOM: silly message
   933 | D:1      | XOM: cloud trail
  1076 | D:1      | XOM: silly message
  1147 | D:1      | Reached skill level 1 in Spellcasting
  1147 | D:1      | Reached skill level 1 in Conjurations
  1147 | D:1      | Reached skill level 1 in Hexes
  1147 | D:1      | Reached skill level 1 in Summonings
  1147 | D:1      | Reached skill level 1 in Necromancy
  1147 | D:1      | Reached skill level 1 in Translocations
  1147 | D:1      | Reached skill level 1 in Transmutations
  1147 | D:1      | Reached skill level 1 in Fire Magic
  1147 | D:1      | Reached skill level 1 in Ice Magic
  1147 | D:1      | Reached skill level 1 in Air Magic
  1147 | D:1      | Reached skill level 1 in Earth Magic
  1147 | D:1      | Reached skill level 1 in Poison Magic
  1156 | D:1      | XOM: divination: detect items
  1410 | D:1      | XOM: divination: detect items
  2305 | D:1      | XOM: silly message
  3231 | D:1      | XOM is BORED!
  3231 | D:1      | XOM: silly message
  4263 | D:1      | XOM is BORED!
  4263 | D:1      | XOM: summons 1 hostile demon
  4605 | D:1      | XOM: cloud trail
  4727 | D:1      | XOM: give mutations
  4727 | D:1      | Gained mutation: Potions are less effective at restoring
                  | your health. [Xom's mischief]
  4727 | D:1      | Gained mutation: Armour fits poorly on your strangely
                  | shaped body. [Xom's mischief]
  4727 | D:1      | Lost mutation: Potions are less effective at restoring your
                  | health. [Xom's mischief]
  5319 | D:1      | XOM: stat loss: -1 Str (10/11)
  6919 | D:1      | XOM: give mutations
  6919 | D:1      | Gained mutation: You are partially covered in iridescent
                  | scales. (AC +2) [Xom's mischief]
  6919 | D:1      | Gained mutation: You are mostly covered in iridescent
                  | scales. (AC +4) [Xom's mischief]
  7263 | D:2      | Reached XP level 4. HP: 30/35 MP: 0/0
  7337 | D:2      | Found a stormy altar of Qazlal.
  7456 | D:2      | XOM: 6-stop teleportation journey
  7742 | D:2      | Found a runed translucent door.
  7743 | D:2      | Noticed Crazy Yiuf
  7750 | D:2      | XOM: enchant monster (bad)
  7753 | D:2      | Slain by Crazy Yiuf

Illustrated notes

Levels and vault maps discovered:
D:1:      ebering_trefoil_twist, layout_loops_corners, serial_shops,
          nicolae_shop_bloodbath_and_beyond
D:2:      layout_rooms, basic_altar, serial_corexii_hall,
          corexii_hall_statues_l, chequers_hall_statues_wall_a,
          chequers_hall_statues_wall_a, corexii_hall_statues_s, moated_statue,
          kennysheep_nub, uniq_crazy_yiuf_cottage

Skill      XL: |  1  2  3 |
---------------+----------+-----
Long Blades    | 3 |  3.0
Spellcasting   | 1 |  1.0
Conjurations   | 1 |  1.0
Hexes          | 1 |  1.0
Summonings     | 1 |  1.0
Necromancy     | 1 |  1.0
Translocations | 1 |  1.0
Transmutations | 1 |  1.0
Fire Magic     | 1 |  1.0
Ice Magic      | 1 |  1.0
Air Magic      | 1 |  1.0
Earth Magic    | 1 |  1.0
Poison Magic   | 1 |  1.0
Fighting       | |  3.3
Armour         | |  1.6
Dodging        | |  2.7

Action                     |  1- 3 |  4- 6 || total
---------------------------+-------+-------++-------
  Melee: Falchion          |    91 |     8 ||    99
   Stab: Confused          |     1 |       ||     1
         Sleeping          |     2 |       ||     2
 Armour: Leather armour    |    50 |     6 ||    56
  Dodge: Dodged            |    61 |     2 ||    63

Table legend: (Time is in decaauts)
 A = Elapsed time spent in this place.
 B = Non-inter-level travel time spent in this place.
 C = Inter-level travel time spent in this place.
 D = Time resting spent in this place.
 E = Time spent auto-exploring this place.
 F = Levels seen in this place.
 G = Mean time per level.
                   A        B        C        D        E       F      G
               +--------+--------+--------+--------+--------+-----+--------+
         Total |   7770 |   7754 |     16 |   6236 |   1292 |   2 | 3885.0 |
       Dungeon |   7770 |   7754 |     16 |   6236 |   1292 |   2 | 3885.0 |
               +--------+--------+--------+--------+--------+-----+--------+

Top non-repeatable levels by time:
     D:1: 6862 daAuts
     D:2: 907 daAuts
